General information
- name: BNet
- type: Ladder team game (AT/RT)
- host: Battle.net
- saver: MyPeonsAreHigh
map: Battleground
- players: 8
- length: 21:35
- speed: Fast
- version: 1.28 W3XP
- replay type: Public
» download(153 KB)
Players
team 1 (loser)
Kbilly (
red | 60 APM | 1032 actions | 17:16)
4 Blademaster
2 Wind Walk
2 Critical Strike
3 Shadow Hunter
1 Hex
2 Healing Wave
» actions
| Assign group hotkey | 35 | |
| Basic commands | 19 | |
| Build / train | 65 | |
| Enter build submenu | 13 | |
| Enter hero's abilities submenu | 7 | |
| Give item / drop item | 4 | |
| Right click | 357 | |
| Select / deselect | 161 | |
| Select group hotkey | 263 | |
| Use ability | 108 | |
1032 total
» units
| Peon | 7 | |
| Grunt | 1 | |
| Spirit Walker | 3 | |
| Raider | 6 | |
| Troll Batrider | 7 | |
24 total
» upgrades
| Ensnare | 1 | |
| Spirit Walker Training | 1 | |
| Pillage | 1 | |
| Melee Weapons | 2 | |
| Armor | 2 | |
7 total
» buildings
| Altar of Storms | 1 | |
| Orc Burrow | 4 | |
| Barracks | 1 | |
| Voodoo Lounge | 1 | |
| Stronghold | 2 | |
| Spirit Lodge | 1 | |
| Beastiary | 3 | |
| War Mill | 1 | |
| Watch Tower | 1 | |
| Fortress | 2 | |
17 total
» build order
00:08 Altar of Storms
00:22 Orc Burrow
00:36 Barracks
01:23 Voodoo Lounge
02:23 Stronghold
02:23 Stronghold
02:38 Orc Burrow
04:49 Spirit Lodge
05:03 Beastiary
05:24 Orc Burrow
06:32 War Mill
07:10 Orc Burrow
10:15 Watch Tower
12:59 Fortress
14:11 Beastiary
14:11 Beastiary
» items
| Healing Salve | 3 | |
| Circlet of Nobility | 2 | |
| Boots of Speed | 3 | |
| Scroll of Speed | 2 | |
| Potion of Lesser Invulnerability | 1 | |
| Potion of Healing | 1 | |
| Lesser Clarity Potion | 2 | |
| Potion of Mana | 1 | |
| Scroll of Town Portal | 2 | |
| Orb of Lightning | 1 | |
18 total

»
SoCal.Anne (
green | 125 APM | 1821 actions | 14:31)
6 Priestess of the Moon
3 Trueshot Aura
2 Searing Arrows
1 Starfall
» actions
| Assign group hotkey | 31 | |
| Build / train | 71 | |
| Enter build submenu | 12 | |
| Enter hero's abilities submenu | 6 | |
| Remove unit from queue | 1 | |
| Right click | 968 | |
| Select / deselect | 221 | |
| Select group hotkey | 474 | |
| Use ability | 37 | |
1821 total
» units
| Wisp | 22 | |
| Archer | 19 | |
| Druid of the Talon | 3 | |
| Glaive Thrower | 1 | |
| Hippogryph | 4 | |
49 total
» upgrades
| Ultravision | 1 | |
| Strength of the Moon | 2 | |
| Moon Armor | 2 | |
| Improved Bows | 1 | |
| Druid of the Talon Training | 2 | |
| Vorpal Blades | 1 | |
| Marksmanship | 1 | |
10 total
» buildings
| Moon Well | 4 | |
| Altar of Elders | 1 | |
| Ancient of War | 1 | |
| Ancient of Wonders | 1 | |
| Tree of Ages | 1 | |
| Hunter's Hall | 1 | |
| Ancient of Wind | 2 | |
| Tree of Eternity | 1 | |
| Tree of Life | 1 | |
13 total
» build order
00:08 Moon Well
00:14 Altar of Elders
00:26 Ancient of War
01:35 Moon Well
01:52 Ancient of Wonders
03:11 Tree of Ages
03:37 Hunter's Hall
04:02 Moon Well
05:36 Ancient of Wind
05:41 Ancient of Wind
06:34 Moon Well
07:50 Tree of Eternity
10:42 Tree of Life
» items
| Scroll of Town Portal | 1 | |
| Anti-magic Potion | 1 | |
2 total

»
Dictator (
orange | 40 APM | 719 actions | 17:59)
3 Keeper of the Grove
1 Force of Nature
2 Entangling Roots
» actions
| Basic commands | 421 | |
| Build / train | 48 | |
| ESC pressed | 1 | |
| Enter build submenu | 10 | |
| Enter hero's abilities submenu | 3 | |
| Remove unit from queue | 2 | |
| Right click | 9 | |
| Select / deselect | 176 | |
| Use ability | 49 | |
719 total
» units
» upgrades
» buildings
| Altar of Elders | 1 | |
| Moon Well | 4 | |
| Ancient of War | 2 | |
| Tree of Ages | 1 | |
| Hunter's Hall | 1 | |
| Ancient Protector | 2 | |
11 total
» build order
00:11 Altar of Elders
00:22 Moon Well
00:55 Ancient of War
01:27 Moon Well
01:49 Moon Well
04:20 Moon Well
05:15 Tree of Ages
05:23 Hunter's Hall
06:30 Ancient Protector
06:35 Ancient Protector
08:01 Ancient of War
» items
| Potion of Invisibility | 2 | |
| Circlet of Nobility | 1 | |
| Staff of Teleportation | 1 | |
| Boots of Speed | 1 | |
5 total

»
Swordran (
teal | 53 APM | 1136 actions | 21:34)
4 Demon Hunter
2 Evasion
2 Mana Burn
2 Warden
1 Blink
1 Shadow Strike
» actions
| Assign group hotkey | 54 | |
| Build / train | 59 | |
| Enter build submenu | 18 | |
| Enter hero's abilities submenu | 6 | |
| Give item / drop item | 4 | |
| Remove unit from queue | 2 | |
| Right click | 648 | |
| Select / deselect | 215 | |
| Select group hotkey | 69 | |
| Use ability | 61 | |
1136 total
» units
| Wisp | 15 | |
| Archer | 2 | |
| Huntress | 6 | |
| Hippogryph | 7 | |
| Chimaera | 8 | |
| Druid of the Talon | 2 | |
40 total
» upgrades
| Moon Armor | 1 | |
| Strength of the Moon | 1 | |
| Reinforced Hides | 1 | |
| Nature's Blessing | 1 | |
| Corrosive Breath | 1 | |
| Strength of the Wild | 1 | |
6 total
» buildings
| Altar of Elders | 1 | |
| Ancient of War | 1 | |
| Moon Well | 6 | |
| Hunter's Hall | 1 | |
| Tree of Ages | 1 | |
| Tree of Eternity | 1 | |
| Ancient of Wind | 1 | |
| Chimaera Roost | 2 | |
| Ancient Protector | 5 | |
| Ancient of Wonders | 1 | |
20 total
» build order
00:21 Altar of Elders
00:24 Ancient of War
00:35 Moon Well
01:44 Moon Well
02:16 Hunter's Hall
02:50 Moon Well
03:40 Tree of Ages
06:25 Tree of Eternity
07:02 Ancient of Wind
07:08 Moon Well
08:55 Chimaera Roost
08:59 Chimaera Roost
10:06 Ancient Protector
10:12 Ancient Protector
10:16 Ancient Protector
11:55 Moon Well
17:07 Ancient of Wonders
17:53 Ancient Protector
17:57 Ancient Protector
20:12 Moon Well
» items
team 2 (winner)
Impaired_ (
pink | 30 APM | 652 actions | 21:35)
5 Keeper of the Grove
3 Force of Nature
2 Entangling Roots
3 Priestess of the Moon
2 Trueshot Aura
1 Scout
» actions
| Basic commands | 8 | |
| Build / train | 53 | |
| Enter build submenu | 17 | |
| Enter hero's abilities submenu | 8 | |
| Remove unit from queue | 1 | |
| Right click | 317 | |
| Select / deselect | 202 | |
| Use ability | 46 | |
652 total
» units
» upgrades
| Strength of the Moon | 1 | |
| Improved Bows | 1 | |
| Moon Armor | 1 | |
3 total
» buildings
| Altar of Elders | 2 | |
| Moon Well | 8 | |
| Ancient of War | 2 | |
| Hunter's Hall | 1 | |
| Ancient of Wonders | 1 | |
| Tree of Ages | 1 | |
| Ancient of Wind | 1 | |
| Tree of Life | 1 | |
17 total
» build order
00:17 Altar of Elders
00:21 Moon Well
00:34 Ancient of War
01:27 Moon Well
03:12 Moon Well
03:17 Hunter's Hall
03:25 Ancient of Wonders
04:15 Tree of Ages
05:12 Moon Well
06:40 Ancient of Wind
12:48 Tree of Life
17:31 Moon Well
17:37 Altar of Elders
18:09 Ancient of War
19:12 Moon Well
20:02 Moon Well
21:07 Moon Well
» items
| Scroll of Town Portal | 1 | |
| Scroll of Regeneration | 1 | |
2 total
MyPeonsAreHigh (
yellow | 65 APM | 1404 actions | 21:35)
7 Archmage
3 Summon Water Elemental
3 Brilliance Aura
1 Mass Teleport
» actions
| Assign group hotkey | 35 | |
| Basic commands | 81 | |
| Build / train | 90 | |
| Enter build submenu | 38 | |
| Enter hero's abilities submenu | 7 | |
| Give item / drop item | 5 | |
| Remove unit from queue | 1 | |
| Right click | 530 | |
| Select / deselect | 358 | |
| Select group hotkey | 143 | |
| Use ability | 116 | |
1404 total
» units
| Peasant | 22 | |
| Footman | 4 | |
| Dragonhawk Rider | 14 | |
40 total
» upgrades
| Lumber Harvesting | 2 | |
| Masonry | 3 | |
| Cloud | 1 | |
| Swords | 3 | |
| Armor | 2 | |
| Animal War Training | 1 | |
12 total
» buildings
| Altar of Kings | 2 | |
| Barracks | 2 | |
| Farm | 8 | |
| Scout Tower | 18 | |
| Arcane Tower | 3 | |
| Keep | 1 | |
| Arcane Vault | 1 | |
| Lumber Mill | 1 | |
| Gryphon Aviary | 3 | |
| Town Hall | 1 | |
| Guard Tower | 14 | |
| Castle | 1 | |
| Blacksmith | 1 | |
| Arcane Sanctum | 1 | |
57 total
» build order
00:36 Altar of Kings
00:37 Barracks
00:50 Altar of Kings
00:53 Barracks
00:55 Farm
00:56 Farm
01:06 Farm
01:37 Farm
01:49 Scout Tower
02:15 Arcane Tower
03:49 Keep
03:54 Arcane Vault
04:38 Lumber Mill
06:00 Scout Tower
06:28 Gryphon Aviary
06:29 Gryphon Aviary
06:30 Gryphon Aviary
07:43 Arcane Tower
08:06 Farm
08:07 Farm
08:08 Farm
08:08 Farm
09:01 Town Hall
09:05 Scout Tower
09:05 Scout Tower
09:06 Scout Tower
09:06 Scout Tower
09:59 Scout Tower
09:59 Scout Tower
10:02 Guard Tower
10:03 Scout Tower
10:06 Scout Tower
10:10 Scout Tower
10:10 Scout Tower
10:51 Arcane Tower
10:52 Guard Tower
10:53 Guard Tower
10:54 Guard Tower
11:09 Guard Tower
11:38 Castle
11:52 Blacksmith
12:05 Guard Tower
15:48 Scout Tower
15:49 Scout Tower
15:53 Scout Tower
15:54 Scout Tower
16:26 Guard Tower
16:29 Guard Tower
16:32 Guard Tower
16:35 Guard Tower
16:38 Guard Tower
16:38 Guard Tower
20:10 Arcane Sanctum
» items
| Scroll of Regeneration | 3 | |
| Mechanical Critter | 3 | |
| Scroll of Town Portal | 2 | |
| Periapt of Vitality | 1 | |
| Potion of Healing | 1 | |
10 total

»
Baldwin (
purple | 104 APM | 2240 actions | 21:35)
7 Keeper of the Grove
3 Force of Nature
3 Entangling Roots
1 Tranquility
» actions
| Assign group hotkey | 194 | |
| Basic commands | 145 | |
| Build / train | 70 | |
| ESC pressed | 3 | |
| Enter build submenu | 17 | |
| Enter hero's abilities submenu | 7 | |
| Give item / drop item | 1 | |
| Remove unit from queue | 2 | |
| Right click | 693 | |
| Select / deselect | 382 | |
| Select group hotkey | 651 | |
| Use ability | 75 | |
2240 total
» units
| Wisp | 11 | |
| Archer | 18 | |
| Hippogryph | 8 | |
| Druid of the Claw | 5 | |
| Dryad | -1 | |
41 total
» upgrades
| Strength of the Moon | 2 | |
| Moon Armor | 2 | |
| Improved Bows | 1 | |
| Hippogryph Taming | 1 | |
| Reinforced Hides | 2 | |
| Strength of the Wild | 1 | |
| Druid of the Claw Training | 2 | |
| Mark of the Claw | 1 | |
12 total
» buildings
| Altar of Elders | 1 | |
| Moon Well | 7 | |
| Ancient of War | 1 | |
| Hunter's Hall | 1 | |
| Tree of Ages | 1 | |
| Ancient of Wonders | 1 | |
| Ancient of Wind | 2 | |
| Tree of Eternity | 1 | |
| Ancient of Lore | 2 | |
17 total
» build order
00:24 Altar of Elders
00:26 Moon Well
00:35 Ancient of War
01:35 Moon Well
02:23 Hunter's Hall
03:06 Moon Well
03:56 Moon Well
04:21 Tree of Ages
04:28 Ancient of Wonders
07:24 Ancient of Wind
07:26 Ancient of Wind
10:16 Moon Well
10:18 Moon Well
14:53 Tree of Eternity
17:17 Ancient of Lore
17:20 Ancient of Lore
19:47 Moon Well
» items
| Scroll of Town Portal | 2 | |
| Dust of Appearance | 1 | |
| Potion of Lesser Invulnerability | 1 | |
4 total
AntiTeamGames (
blue | 27 APM | 589 actions | 21:35)
6 Mountain King
3 Storm Bolt
2 Bash
1 Avatar
» actions
| Basic commands | 1 | |
| Build / train | 60 | |
| Enter build submenu | 11 | |
| Enter hero's abilities submenu | 6 | |
| Give item / drop item | 1 | |
| Right click | 229 | |
| Select / deselect | 220 | |
| Use ability | 61 | |
589 total
» units
| Peasant | 13 | |
| Rifleman | 4 | |
| Siege Engine | 4 | |
| Priest | 2 | |
| Flying Machine | 6 | |
29 total
» upgrades
| Masonry | 3 | |
| Gunpowder | 3 | |
| Long Rifles | 1 | |
| Plating | 3 | |
| Barrage | 1 | |
| Lumber Harvesting | 1 | |
| Priest Training | 2 | |
| Flak Cannons | 1 | |
| Flying Machine Bombs | 1 | |
16 total
» buildings
| Farm | 9 | |
| Altar of Kings | 1 | |
| Arcane Vault | 1 | |
| Blacksmith | 1 | |
| Barracks | 2 | |
| Lumber Mill | 1 | |
| Keep | 1 | |
| Castle | 1 | |
| Workshop | 3 | |
| Arcane Sanctum | 2 | |
22 total
» build order
00:30 Farm
00:34 Farm
00:39 Farm
01:15 Altar of Kings
01:21 Arcane Vault
01:41 Blacksmith
02:18 Barracks
02:27 Lumber Mill
02:35 Farm
02:37 Farm
03:06 Farm
03:09 Farm
03:10 Farm
03:12 Farm
04:39 Keep
04:44 Barracks
07:05 Castle
08:27 Workshop
08:28 Workshop
08:30 Workshop
08:34 Arcane Sanctum
08:35 Arcane Sanctum
» items
| Scroll of Regeneration | 1 | |
| Orb of Fire | 1 | |
| Scroll of Town Portal | 2 | |
| Potion of Healing | 1 | |
5 total
Chat log
(00:10 / All) Kbilly: glhf
(01:11 / Allies) Baldwin: rush?
(01:12 / Allies) Baldwin: or cc
(01:18 / Allies) Impaired_: cc mid quick
(01:19 / Allies) MyPeonsAreHigh: cc
(01:20 / Allies) Impaired_: then hti
(01:31 / Allies) Baldwin: cool
(02:23 / Allies) Impaired_: me and purp hit dragons yellow blue do the golems
(02:46 / Allies) Impaired_: need help yellow?
(04:25 / Allies) Impaired_: come
(04:34 / Allies) Baldwin: care
(04:37 / Allies) Baldwin: BM running around
(04:58 / Allies) Impaired_: go
(05:24 / Allies) Impaired_: u get next item
(05:40 / All) Kbilly: did you get bash first?
(06:04 / Allies) Impaired_: get item
(06:10 / Allies) MyPeonsAreHigh: bm got it I think
(06:15 / Allies) Impaired_: no he got
(06:17 / Allies) Baldwin: i got
(06:22 / Allies) Baldwin: pink
(06:22 / Allies) Impaired_: quick
(06:24 / Allies) Baldwin: what you getting
(06:28 / Allies) Impaired_: arch dott
(06:38 / Allies) Baldwin: k
(06:47 / Allies) Impaired_: some dragons
(07:27 / Allies) Baldwin: k
(07:40 / Allies) Baldwin: tp?
(07:40 / Allies) Impaired_: tp
(08:08 / Allies) Impaired_: push
(09:04 / Allies) Impaired_: tp my base
(09:20 / Allies) Impaired_: fuck
(09:38 / Allies) MyPeonsAreHigh: pull yoru mk back
(09:40 / Allies) MyPeonsAreHigh: blue
(10:59 / Allies) MyPeonsAreHigh: repair
(11:01 / Allies) MyPeonsAreHigh: repair fast
(12:14 / Allies) Impaired_: go
(12:16 / All) Swordran: >.<
(12:16 / Allies) MyPeonsAreHigh: go
(12:19 / Allies) MyPeonsAreHigh: go
(13:38 / All) MyPeonsAreHigh: gnat orange
(14:23 / Allies) MyPeonsAreHigh: someone help
(14:29 / All) SoCal.Anne: gg wp
(14:34 / Allies) MyPeonsAreHigh: he;lp
(15:18 / Allies) MyPeonsAreHigh: lumber
(16:03 / All) MyPeonsAreHigh: how do my slippers look this evening kbilly?
(17:00 / Allies) Impaired_: i killed her
(17:02 / Allies) Impaired_: needed food
(17:09 / Allies) MyPeonsAreHigh: I got mass tp
(17:13 / All) Kbilly: |gg
(18:09 / All) Baldwin: gg
(18:17 / All) Swordran: been gg for a little
(18:21 / All) Swordran: come at me bro
(18:26 / All) Swordran: finish it off final stand
(18:28 / All) Swordran: lol
(18:34 / All) Baldwin: lol
(21:19 / All) Baldwin: gg
(21:26 / All) MyPeonsAreHigh: DEUS VULT
(21:26 / All) Swordran: gg